[Event "*** Titled Tuesday Blitz"]
[Site "Chess.com"]
[Date "2020.05.26"]
[Round "1"]
[White "FMOlexandrProhorov"]
[Black "JoySpaceman"]
[Result "0-1"]
[WhiteElo "2078"]
[BlackElo "2495"]
[TimeControl "180+1"]
[EndTime "10:07:00 PDT"]
[Termination "JoySpaceman won on time"]

1. e4 c5 2. c3 g6 3. d4 cxd4 4. cxd4 Nf6 5. Nc3 d5 6. e5 Ne4 7. Nf3 Bg7 8. h3 O-O 9. Qb3 Nxc3 10. bxc3 Nc6 11. Be2 f6 12. exf6 exf6 13. O-O Re8 14.
Re1 Na5 15. Qd1 Qc7 16. Bd2 Bd7 17. Qc1 Rac8 18. Rb1 b6 19. Bd3 Nc4 20. Bf4 Qc6 21. Bh6 Rxe1+ 22. Nxe1 Nd6 23. Bxg7 Kxg7 24. Rb3 Qc7 25.
Nf3 a5 26. h4 a4 27. Ra3 h5 28. Qf4 Re8 29. Kh2 Qc6 30. g3 Bf5 31. Bxf5 Nxf5 0-1

[Event "*** Titled Tuesday Blitz"]
[Site "Chess.com"]
[Date "2020.05.26"]
[Round "1"]
[White "Blitzking642"]
[Black "bascheyaro"]
[Result "0-1"]
[WhiteElo "2324"]
[BlackElo "2686"]
[TimeControl "180+1"]
[EndTime "10:07:01 PDT"]
[Termination "bascheyaro won by resignation"]

1. d4 Nf6 2. c4 e6 3. Nc3 d5 4. cxd5 exd5 5. Bg5 c6 6. Qc2 Bd6 7. e3 Bg4 8. Bd3 Nbd7 9. Nge2 Bxe2 10. Qxe2 h6 11. Bh4 O-O 12. O-O Re8 13. Rab1 a5 14. Qc2 Nf8 15. a3 Rc8 16. b4 axb4 17. axb4 b5 18.
Bf5 Rc7 19. Rfc1 Qe7 20. Bg3 Bxg3 21. hxg3 Ra7 22. Ne2 Ra6 23. Nf4 Rea8 24. Nd3 g6 25. Bh3 Ne4 26. Ne5 Qf6 27. Rb2 Ra1 28. Ng4 Qd6 29. Nxh6+ Kg7 30. Ng4 f6 31. f3 Nxg3 32.
Kf2 Nf5 33. f4 Nxd4 34. Qd1 Rxc1 35. Qxc1 Nf5 36. Rc2 Ra6 37. Rc5 Ne6 38. Nxf6 Kxf6 39. Bxf5 gxf5 40. Qb2+ d4 41. exd4 Qxd4+ 42. Qxd4+ Nxd4 43. Re5 Ne6 44. Re3 Nxf4 0-1

[Event "*** Titled Tuesday Blitz"]
[Site "Chess.com"]
[Date "2020.05.26"]
[Round "1"]
[White "chessablanca"]
[Black "VojtechPlat"]
[Result "0-1"]
[WhiteElo "2428"]
[BlackElo "2891"]
[TimeControl "180+1"]
[EndTime "10:07:02 PDT"]
[Termination "VojtechPlat won by resignation"]

1. g3 e5 2. Bg2 d6 3. c4 Nf6 4. Nc3 c6 5. d3 Be7 6. Nf3 O-O 7. O-O Re8 8. Qc2 a5 9. Rd1 Qc7 10. d4 Nbd7 11. b3 Bf8 12. Bb2 g6 13. Rac1 Bg7 14. e3 Nf8 15. d5 Bd7 16. Qd2 c5 17. e4 Nh5 18. Qe2 Qd8 19. Rc2 f5 20.
Bc1 f4 21. Ne1 fxg3 22. fxg3 Nf6 23. Bg5 h6 24. Bxf6 Bxf6 25. Nf3 Nh7 26. Rf1 Kg7 27. h3 Qe7 28. Kh2 Rf8 29. Nd1 a4 30. Ne3 axb3 31. axb3 Ra3 32. Rb2 Rfa8 33. Nc2 Ra2 34. Rfb1 Rxb2 35.
Rxb2 Qd8 36. b4 Qb6 37. Qd2 h5 38. Ne3 cxb4 39. Rxb4 Qc7 40. Qb2 Ra7 41. Nd1 Nf8 42. Nc3 g5 43. h4 g4 44. Ne1 Qc5 45. Nd3 Qd4 46. Qe2 Qxc3 47. Qe3 Ra3 48. Rxb7 Qxd3 0-1

[Event "*** Titled Tuesday Blitz"]
[Site "Chess.com"]
[Date "2020.05.26"]
[Round "1"]
[White "PauloFanha"]
[Black "Barmen_EV"]
[Result "0-1"]
[WhiteElo "1980"]
[BlackElo "2473"]
[TimeControl "180+1"]
[EndTime "10:07:03 PDT"]
[Termination "Barmen_EV won by resignation"]

1. e4 c5 2. Nf3 Nc6 3. Bb5 e6 4. Bxc6 bxc6 5. e5 Ne7 6. c3 Ng6 7. d4 Be7 8. O-O O-O 9. Be3 f6 10. exf6 gxf6 11. dxc5 Ba6 12. Re1 f5 13. b4 Bc4 14. Nbd2 Bd5 15. c4 f4 16. cxd5 fxe3 17.
Rxe3 cxd5 18. Rb1 a5 19. a3 axb4 20. axb4 Bf6 21. Nb3 Ra2 22. Re2 Qa8 23. Nbd4 Nf4 24. Rxa2 Qxa2 25. g3 Nh3+ 26. Kg2 Nxf2 27. Qc2 Qxc2 28.
Nxc2 Nd3 29. Ncd4 Rb8 30. Kf1 Nxc5 31. Rc1 Rxb4 32. Rxc5 Bxd4 33. Nxd4 Rxd4 34. Rc7 d6 35. Rd7 Re4 36. Rxd6 Kf7 37. Rd7+ Kg6 38. Kf2 d4 39. h4 h5 40. Kf3 Re3+ 41. Kf2 e5 42. Rd6+ Kf5 43.
Rd8 Ra3 44. Rf8+ Ke4 45. Kg2 Ra2+ 46. Kh3 d3 47. Rf1 d2 48. g4 Ra3+ 49. Kg2 hxg4 50. h5 Rh3 51. Rd1 Kd3 52. h6 Rxh6 53. Kg3 Ke2 54.
Rxd2+ Kxd2 55. Kxg4 e4 0-1

[Event "*** Titled Tuesday Blitz"]
[Site "Chess.com"]
[Date "2020.05.26"]
[Round "1"]
[White "SamuelGhimpu2003"]
[Black "1f3_2g41-0"]
[Result "1-0"]
[WhiteElo "2595"]
[BlackElo "2254"]
[TimeControl "180+1"]
[EndTime "10:07:04 PDT"]
[Termination "SamuelGhimpu2003 won by checkmate"]

1. e4 c5 2. Nf3 d6 3. d4 cxd4 4. Nxd4 Nf6 5. Nc3 a6 6. h3 e5 7.
Nde2 h5 8. Bg5 Be7 9. Ng3 Nc6 10.
Bxf6 Bxf6 11. Nxh5 Bg5 12. Nxg7+ Kf8 13. Nf5 Bxf5 14.
exf5 Nd4 15. Bd3 Qb6 16. O-O Qxb2 17. Ne4 Bh6 18. Rb1 Qxa2 19. Rxb7 Qd5 20. Qb1 Nb5 21. Rd7 Qc6 22. Nf6 Kg7 23. Be4 Qc8 24. Qb3 Rf8 25. Bb7 Qc5 26. Ne4 Qa7 27. Qg3+ Kh8 28. Qh4 Kh7 29. Ng5+ Kg7 30. f6+ Kxf6 31. Qxh6+ Kf5 32. Be4+ Kf4 33. Qh4# 1-0

[Event "*** Titled Tuesday Blitz"]
[Site "Chess.com"]
[Date "2020.05.26"]
[Round "1"]
[White "ElGasanov"]
[Black "grunbergmihai"]
[Result "1-0"]
[WhiteElo "2754"]
[BlackElo "2387"]
[TimeControl "180+1"]
[EndTime "10:07:05 PDT"]
[Termination "ElGasanov won by resignation"]

1. Nf3 f5 2. d4 Nf6 3. Bg5 e6 4. Nbd2 d5 5. e3 Be7 6. c4 c6 7. Bd3 Nbd7 8. O-O O-O 9. cxd5 cxd5 10. Rc1 Ne4 11. Bf4 Bd6 12. Bxd6 Nxd6 13. Qc2 Nf6 14. Qc7 Qxc7 15. Rxc7 Rf7 16. Rfc1 Rxc7 17. Rxc7 Nfe8 18. Rc1 Kf7 19. Ne5+ Ke7 20. f3 Bd7 21. Nb3 Rc8 22.
Rxc8 Bxc8 23. Nc5 b6 24. Nc6+ Kf6 25. Nxa7 bxc5 26. dxc5 Bb7 27. cxd6 Nxd6 28. a4 e5 29.
Nb5 Nxb5 30. Bxb5 Ke6 31. Kf2 Kd6 32. b4 g5 33. a5 f4 34. Be2 e4 35. fxe4 dxe4 36.
b5 Kc5 37. b6 Bc6 38. Ba6 Kd6 39. h4 h6 40. hxg5 hxg5 41. Bc4 Kc5 42. Be6 Kd6 43. Bc8 Bd5 44. a6 Bc6 45. a7 1-0

[Event "*** Titled Tuesday Blitz"]
[Site "Chess.com"]
[Date "2020.05.26"]
[Round "1"]
[White "GukeshDommaraju"]
[Black "Schachmalanders"]
[Result "1-0"]
[WhiteElo "2669"]
[BlackElo "2311"]
[TimeControl "180+1"]
[EndTime "10:07:06 PDT"]
[Termination "GukeshDommaraju won by checkmate"]

1. e4 c5 2. Nf3 d6 3. d4 cxd4 4. Nxd4 Nf6 5. Nc3 a6 6. Be2 e5 7. Nb3 Be6 8. Be3 Be7 9. O-O O-O 10. Qd2 Nbd7 11. a4 Rc8 12. a5 Qc7 13. Rfd1 Rfd8 14. Qe1 Qc6 15. Bf3 Nc5 16. Nxc5 dxc5 17. Bg5 h6 18.
Bh4 Rxd1 19. Rxd1 Rd8 20. Nd5 Qe8 21. Bg3 Bxd5 22. exd5 Bd6 23. Be4 Nxe4 24. Qxe4 Qe7 25. Re1 Re8 26. f4 f6 27. fxe5 fxe5 28. c4 Qc7 29.
Rf1 Qxa5 30. Qg6 Qd8 31. Rf7 Qg5 32. Rxg7+ Kh8 33. Qh7# 1-0

[Event "*** Titled Tuesday Blitz"]
[Site "Chess.com"]
[Date "2020.05.26"]
[Round "1"]
[White "mbachez"]
[Black "Chessy222222"]
[Result "1-0"]
[WhiteElo "2506"]
[BlackElo "2109"]
[TimeControl "180+1"]
[EndTime "10:07:06 PDT"]
[Termination "mbachez won on time"]

1. e4 e5 2. Nf3 Nc6 3. Bb5 Nge7 4. O-O g6 5. c3 Bg7 6. Ba4 O-O 7. d4 exd4 8. cxd4 d6 9. h3 h6 10. Nc3 a6 11. Re1 b5 12. Bb3 Bb7 13. Be3 Na5 14. Qd2 Nxb3 15. axb3 Kh7 16. b4 f5 17. e5 Nd5 18.
exd6 Qxd6 19. Ne5 Nxb4 20. Bf4 Nd5 21. Nxd5 Qxd5 22. f3 Rad8 23. Rad1 Rfe8 24. Qf2 Re6 25. Rc1 Re7 26. Red1 c5 27. h4 c4 28. Qg3 Bxe5 29. Bxe5 Qe6 30. Re1 Qd7 31. Kh2 Rde8 32. Bf6 Rxe1 33. Rxe1 Rxe1 34. Qxe1 Bd5 35. Qe5 Qe6 36.
Qc7+ Qf7 37. Qd8 g5 38. hxg5 hxg5 39. Bxg5 Qh5+ 40. Kg3 Kg6 41. Qf6+ Kh7 42. Qxf5+ 1-0

[Event "*** Titled Tuesday Blitz"]
[Site "Chess.com"]
[Date "2020.05.26"]
[Round "1"]
[White "kushagramohan"]
[Black "MrChampion_Coach"]
[Result "0-1"]
[WhiteElo "2672"]
[BlackElo "2341"]
[TimeControl "180+1"]
[EndTime "10:07:07 PDT"]
[Termination "MrChampion_Coach won by resignation"]

1. e4 c5 2. Nf3 Nc6 3. d4 cxd4 4. Nxd4 Nf6 5. Nc3 d6 6. Bg5 e6 7. Qd2 a6 8. O-O-O Bd7 9. f4 Be7 10. Bxf6 Bxf6 11. Nf3 Be7 12. Kb1 b5 13. g4 b4 14. Ne2 Qb6 15. Ned4 Nxd4 16. Nxd4 a5 17. f5 e5 18. Nb3 a4 19. Nc1 Bc6 20. Bg2 b3 21. cxb3 axb3 22. Nxb3 O-O 23. g5 Rxa2 24. Kxa2 Ra8+ 25. Na5 Rxa5+ 26. Kb1 Qa6 27. Qd3 Ra1+ 28. Kc2 Ba4+ 29. b3 Ra2+ 30. Kb1 Bb5 31. Qg3 Qa3 32. Qc3 Rxg2 33. f6 Bd8 34. Rd5 Bc6 35. Rhd1 Bxd5 36. Rxd5 Rg1+ 37. Kc2 Rc1+ 38. Kd2 Rxc3 39.
Kxc3 Ba5+ 40. Kc4 Qb4+ 0-1

[Event "*** Titled Tuesday Blitz"]
[Site "Chess.com"]
[Date "2020.05.26"]
[Round "1"]
[White "nihalsarin"]
[Black "RubensCezila"]
[Result "1-0"]
[WhiteElo "3036"]
[BlackElo "2453"]
[TimeControl "180+1"]
[EndTime "10:07:08 PDT"]
[Termination "nihalsarin won on time"]

1. e4 c6 2. Bc4 d5 3. Bb3 Nf6 4. e5 Nfd7 5. f4 Nc5 6. Nf3 Bg4 7. h3 Bxf3 8. Qxf3 Qb6 9. Nc3 Nbd7 10. d4 Nxb3 11.
axb3 e6 12. Be3 c5 13. O-O-O Rc8 14. f5 Be7 15. Rhf1 O-O 16. Qg4 Kh8 17. Kb1 cxd4 18. Bxd4 Bc5 19. Na4 Qc6 20. f6 gxf6 21. Nxc5 Nxc5 22.
exf6 Rg8 23. Qe2 Ne4 24. Rf4 Ng3 25. Qf2 Rg6 26. Rg4 Rcg8 27. Qxg3 1-0

[Event "*** Titled Tuesday Blitz"]
[Site "Chess.com"]
[Date "2020.05.26"]
[Round "1"]
[White "2346PL"]
[Black "BulletMercenary"]
[Result "1-0"]
[WhiteElo "2503"]
[BlackElo "2104"]
[TimeControl "180+1"]
[EndTime "10:07:08 PDT"]
[Termination "2346PL won by resignation"]

1. d4 d6 2. e4 Nf6 3. Nc3 g6 4. Bg5 Bg7 5. e5 dxe5 6. dxe5 Qxd1+ 7. Rxd1 Ng4 8. h3 Nxe5 9. Nd5 f6 10. Nxc7+ Kf7 11.
Bf4 Na6 12. Bxa6 bxa6 13. Nxa8 Bb7 14. Nc7 Bxg2 15. Rh2 Bb7 16. Bxe5 fxe5 17. Nd5 e4 18. b3 Be5 19. Rh1 Rd8 20. Ne3 Bc3+ 21. Kf1 Rf8 22. Ne2 Be5 23. c4 Bc8 24. Kg2 h5 25.
Rd5 Bd6 26. c5 Bc7 27. Rhd1 Be6 28. R5d2 g5 29. Nd4 Bc8 30. Nc6 g4 31. hxg4 Rg8 32.
Rd7 Bf4 33. Nxe7 Bxd7 34. Nxg8 Be6 35. Rd8 hxg4 36. Ra8 Kg7 37. Ne7 Kf6 38. Nc6 g3 39. Nd4 Bh3+ 40. Kg1 gxf2+ 41. Kxf2 Bg5 42. Rxa7 1-0

[Event "*** Titled Tuesday Blitz"]
[Site "Chess.com"]
[Date "2020.05.26"]
[Round "1"]
[White "IAgrest"]
[Black "Tayson_7"]
[Result "0-1"]
[WhiteElo "2274"]
[BlackElo "2611"]
[TimeControl "180+1"]
[EndTime "10:07:09 PDT"]
[Termination "Tayson_7 won by resignation"]

1. e4 e5 2. Nf3 Nc6 3. Bb5 a6 4.
Ba4 Nf6 5. O-O Be7 6. Re1 b5 7. Bb3 d6 8. c3 O-O 9. h3 Bb7 10. d3 Nb8 11. Nbd2 Nbd7 12. Nf1 h6 13. Ng3 Re8 14. Nf5 Bf8 15. Nh2 Nc5 16. Bc2 d5 17. Qf3 dxe4 18. dxe4 Bxe4 19. Bxe4 Ncxe4 20. Rxe4 Nxe4 21.
Qxe4 Qd1+ 22. Nf1 Rad8 23. Rb1 Qd5 24. Qg4 Kh7 25. Be3 Qxa2 26. Re1 Qe6 27. Qe4 Qd5 28.
Qg4 Qd7 29. Qe4 Qd3 30. Qg4 Re6 31. N1g3 Rg6 32. Qh4 a5 33. Ne7 Re6 34. Nef5 Qd7 35. Qe4 Qc6 36. Qg4 Rg6 37. Qh4 Rd7 38. Kh2 a4 39. f3 a3 40. bxa3 Qxc3 41. Ne4 Qc6 42.
Ng5+ Kg8 43. Ne4 Qe6 44. Rg1 Qxf5 0-1

[Event "*** Titled Tuesday Blitz"]
[Site "Chess.com"]
[Date "2020.05.26"]
[Round "1"]
[White "m-garcett"]
[Black "PlotnikovPavel"]
[Result "0-1"]
[WhiteElo "1989"]
[BlackElo "2474"]
[TimeControl "180+1"]
[EndTime "10:07:09 PDT"]
[Termination "PlotnikovPavel won on time"]

1. e4 e6 2. d4 d5 3. Nc3 Nf6 4. e5 Ng8 5. Nce2 c5 6. c3 Nc6 7. Nf3 Nge7 8. Nf4 Nf5 9. a3 cxd4 10. cxd4 Qb6 11. Be3 Qxb2 12. Bd3 Nxe3 13. fxe3 Qc3+ 14. Kf2 Be7 15. h4 f6 16. exf6 Bxf6 17. Ng5 g6 18. Rc1 Qxa3 19. Ngxe6 Bxe6 20. Nxe6 Qe7 21. Qg4 Kf7 22.
Ng5+ Bxg5 23. hxg5 Rae8 24. Rhe1 Rhf8 25. Kg1 Kg8 26.
e4 dxe4 27. Rxe4 Qd6 28. Rce1 Rxe4 29. Rxe4 Qd5 30. Qe6+ Qxe6 31. Rxe6 Nxd4 32. Re7 b5 33. Rxa7 Rf7 34. Rb7 Rxb7 0-1

[Event "*** Titled Tuesday Blitz"]
[Site "Chess.com"]
[Date "2020.05.26"]
[Round "1"]
[White "RobertoJBM"]
[Black "anon569"]
[Result "1/2-1/2"]
[WhiteElo "2579"]
[BlackElo "2253"]
[TimeControl "180+1"]
[EndTime "10:07:11 PDT"]
[Termination "Game drawn by repetition"]

1. d4 Nf6 2. c4 e6 3. Nc3 Bb4 4. Qc2 O-O 5. a3 Bxc3+ 6. Qxc3 b6 7. Bg5 Bb7 8. e3 d6 9. Ne2 Nbd7 10. Qc2 e5 11. d5 a5 12. Nc3 Nc5 13. b3 h6 14.
Bh4 Qe7 15. Be2 c6 16. dxc6 Bxc6 17. O-O g5 18. Bg3 Nfe4 19. b4 Nxc3 20. Qxc3 Ne4 21.
Qb2 axb4 22. axb4 Nxg3 23. hxg3 Qb7 24. f3 Rxa1 25. Rxa1 Ra8 26. Kf2 Rxa1 27. Qxa1 Qa8 28. Qd1 d5 29. cxd5 Bxd5 30. Qd2 Qc6 31. Qd3 Kg7 32. Qf5 Qc3 33. f4 exf4 34. gxf4 Be6 35. Qe4 Qb2 36. fxg5 hxg5 37. Ke1 Qc1+ 38. Kf2 Qb2 39.
Kf3 Qf6+ 40. Kg3 Qc3 41. Bf3 Qc7+ 42. Kf2 Qc3 43. Kg3 Qc7+ 44. Kf2 Qc3 45. Kg3 1/2-1/2

[Event "*** Titled Tuesday Blitz"]
[Site "Chess.com"]
[Date "2020.05.26"]
[Round "1"]
[White "amintabatabaei"]
[Black "Godzillator"]
[Result "1-0"]
[WhiteElo "2920"]
[BlackElo "2434"]
[TimeControl "180+1"]
[EndTime "10:07:12 PDT"]
[Termination "amintabatabaei won by checkmate"]

1. e4 c6 2. Nc3 d5 3. Nf3 Bg4 4. h3 Bxf3 5. Qxf3 Nf6 6. Be2 e6 7. O-O Bb4 8. e5 Bxc3 9. bxc3 Nfd7 10. d4 c5 11. Qg3 g6 12. Rb1 b6 13. c4 Nc6 14. dxc5 bxc5 15. cxd5 Nd4 16. Bd3 exd5 17. c3 Ne6 18. f4 c4 19. Bc2 Qc7 20. Ba3 Nec5 21. f5 Rc8 22. fxg6 hxg6 23. Bxg6 Nxe5 24. Bf5 Ne4 25. Bxe4 dxe4 26. Rf4 Qc6 27. Re1 Qg6 28.
Qxg6 Nxg6 29. Rfxe4+ Kd7 30. Rd1+ Kc6 31. Rxc4+ Kb5 32.
Rb4+ Ka5 33. Rd5+ Ka6 34. Rd6+ Ka5 35. Rd5+ Ka6 36. Rd6+ Ka5 37. c4 Rhd8 38. Rb5+ Ka4 39. Ra6# 1-0

[Event "*** Titled Tuesday Blitz"]
[Site "Chess.com"]
[Date "2020.05.26"]
[Round "1"]
[White "Mikhal867"]
[Black "antoszu"]
[Result "1/2-1/2"]
[WhiteElo "2155"]
[BlackElo "2509"]
[TimeControl "180+1"]
[EndTime "10:07:12 PDT"]
[Termination "Game drawn by repetition"]

1. c4 Nf6 2. Nc3 c5 3. Nf3 d5 4.
cxd5 Nxd5 5. g3 Nc6 6. Bg2 Nc7 7. O-O e5 8. d3 Be7 9. Nd2 O-O 10. Nc4 f6 11. f4 exf4 12. gxf4 Bd7 13. f5 Rb8 14.
Bf4 b5 15. Nd6 Ne5 16. Nce4 Kh8 17. d4 cxd4 18. Qxd4 Bc6 19. Rfd1 Ne8 20. Bxe5 fxe5 21. Qxe5 Qc7 22. Qg3 Bxe4 23. Nxe4 Qb6+ 24. Kh1 Rxf5 25. Rf1 Rxf1+ 26. Rxf1 Nf6 27. Ng5 Rf8 28. Qb3 g6 29.
Ne6 Re8 30. Ng5 Rf8 31. Ne6 Re8 32. Ng5 Rf8 1/2-1/2

[Event "*** Titled Tuesday Blitz"]
[Site "Chess.com"]
[Date "2020.05.26"]
[Round "1"]
[White "baag"]
[Black "Aleksandr_Kozak"]
[Result "0-1"]
[WhiteElo "2609"]
[BlackElo "2319"]
[TimeControl "180+1"]
[EndTime "10:07:14 PDT"]
[Termination "Aleksandr_Kozak won by resignation"]

1. d4 g6 2. c4 Bg7 3. Nf3 d6 4. Nc3 Nd7 5. g3 e5 6. Bg2 Ne7 7. O-O O-O 8. e4 h6 9. h3 f5 10. dxe5 dxe5 11. exf5 gxf5 12. Re1 Ng6 13. h4 e4 14. Nh2 Nge5 15. Qh5 Nf6 16. Qe2 Nd3 17. Rd1 Bd7 18. Be3 Qe8 19. Rd2 Be6 20. b3 Rd8 21.
Rad1 c6 22. Bxa7 Nd7 23. Nxe4 fxe4 24. Qxe4 N3e5 25. f4 Ng4 26. Re2 Bf5 27. Qxe8 Rdxe8 28. Rxe8 Rxe8 29. Bf3 h5 30. Nxg4 hxg4 31. Bg2 Ra8 32.
Bd4 Rxa2 33. Bxg7 Kxg7 34. Rd6 Nc5 35. b4 Ne4 36. Bxe4 Bxe4 37. Rd7+ Kf6 38. Rxb7 Rg2+ 39.
Kf1 Rxg3 40. b5 cxb5 41. Rb6+ Kf5 42. cxb5 Kxf4 43. Rf6+ Ke3 44. Ke1 Rg1+ 45. Rf1 Rg2 46. Rf8 Rb2 47. Rd8 Rxb5 0-1

[Event "*** Titled Tuesday Blitz"]
[Site "Chess.com"]
[Date "2020.05.26"]
[Round "1"]
[White "DenLaz"]
[Black "agrigo3"]
[Result "1-0"]
[WhiteElo "2674"]
[BlackElo "2313"]
[TimeControl "180+1"]
[EndTime "10:07:15 PDT"]
[Termination "DenLaz won on time"]

1. d4 d5 2. c4 c6 3. Nf3 Nf6 4. e3 a6 5. Nbd2 b5 6. b3 Bg4 7. Bd3 Nbd7 8. Bb2 e6 9. O-O Be7 10.
Qc2 Bxf3 11. Nxf3 O-O 12. Rfc1 bxc4 13. bxc4 h6 14. c5 Qc7 15. Bc3 Rfb8 16. Rcb1 Qa7 17. Qa4 Qc7 18. Rb3 Ne4 19. Be1 e5 20. Rab1 Nexc5 21. dxc5 Rxb3 22. Qxb3 Nxc5 23. Qc2 Nxd3 24. Qxd3 e4 25.
Qe2 exf3 26. Qxf3 Rb8 27. Rc1 Qd6 28. g3 Bf6 29. Qe2 c5 30. Qd3 d4 31. e4 Qc6 32. f4 Qb5 33. Qxb5 Rxb5 34. a4 Rb2 35. Rxc5 d3 36. Rd5 Rb1 37. Kf2 Rb2+ 38. Kf3 Rb3 39.
Bd2 1-0

[Event "*** Titled Tuesday Blitz"]
[Site "Chess.com"]
[Date "2020.05.26"]
[Round "1"]
[White "Maxim_e2e4"]
[Black "Sashadav97"]
[Result "1-0"]
[WhiteElo "2317"]
[BlackElo "2624"]
[TimeControl "180+1"]
[EndTime "10:07:15 PDT"]
[Termination "Maxim_e2e4 won by checkmate"]

1. e4 c5 2. Nf3 Nc6 3. d4 cxd4 4. Nxd4 Nf6 5. Nc3 d6 6. f3 e5 7. Nb3 Be7 8. Be3 O-O 9. Be2 a5 10. O-O a4 11. Nc1 a3 12. b3 Nb4 13. Nd3 Nc6 14. Nd5 Nxd5 15. exd5 Nd4 16. c3 Nxe2+ 17. Qxe2 f5 18.
c4 b6 19. f4 Bf6 20. Rad1 e4 21. Nb4 Bd7 22. Nc6 Qc7 23. Nd4 Kh8 24. h3 Rg8 25. Kh2 h6 26. g4 Rae8 27. Rg1 fxg4 28. hxg4 Kh7 29. g5 Bxd4 30. g6+ Kh8 31. Bxd4 Rgf8 32. Qh5 Kg8 33. Kg3 Rf5 34. Qh4 Bc8 35. Rh1 e3 36. Rde1 e2 37. Rh2 Re4 38. Rhxe2 Rxd4 39. Re8+ Rf8 40. R1e7 Rxc4 41. Rxf8+ Kxf8 42. Rxc7 Rxc7 43. Qd8# 1-0

[Event "*** Titled Tuesday Blitz"]
[Site "Chess.com"]
[Date "2020.05.26"]
[Round "1"]
[White "enriquetejedor"]
[Black "aisha_zakirova"]
[Result "1-0"]
[WhiteElo "2465"]
[BlackElo "1827"]
[TimeControl "180+1"]
[EndTime "10:07:15 PDT"]
[Termination "enriquetejedor won by resignation"]

1. e4 c5 2. Nc3 d6 3. g3 Nc6 4. Bg2 g6 5. d3 Bg7 6. Be3 Nf6 7.
h3 O-O 8. f4 e5 9. Nge2 Bd7 10.
O-O Ne8 11. f5 Nd4 12. g4 gxf5 13. exf5 Kh8 14. Ng3 Bc6 15. Nd5 Qh4 16. Kh2 Bxd5 17. Bxd5 Nf6 18. Bf3 Nxf3+ 19. Qxf3 d5 20. Bxc5 Rfc8 21.
Bf2 Qh6 22. Rac1 Qd2 23. Qe2 Qf4 24. Kg2 e4 25. Be3 Qe5 26. d4 Qd6 27. g5 Nd7 28.
f6 Bxf6 29. gxf6 Rg8 30. Rf4 Nxf6 31. Rcf1 Nh5 32. Qxh5 Rxg3+ 33. Kxg3 Rg8+ 34. Kh2 a5 35. Qh4 Qg6 36. Qf6+ Qxf6 37. Rxf6 a4 38. Rxf7 b5 39. Bf4 b4 40. Be5+ 1-0

[Event "*** Titled Tuesday Blitz"]
[Site "Chess.com"]
[Date "2020.05.26"]
[Round "1"]
[White "Sanan_Sjugirov"]
[Black "MergenKakabaev"]
[Result "1-0"]
[WhiteElo "2870"]
[BlackElo "2422"]
[TimeControl "180+1"]
[EndTime "10:07:16 PDT"]
[Termination "Sanan_Sjugirov won on time"]

1. d4 d5 2. Bf4 Nf6 3. e3 c5 4. Nf3 Nc6 5. Nbd2 Qb6 6. dxc5 Qxb2 7. Rb1 Qc3 8. Bb5 Bd7 9. O-O Qxc5 10. c4 e6 11. cxd5 exd5 12. Bd3 b6 13. Nb3 Qa3 14. Nbd4 Nxd4 15. Nxd4 Be7 16. Nb5 Bxb5 17. Bxb5+ Kf8 18.
Qd2 g6 19. Rb3 Qa5 20. Bh6+ Kg8 21. Qb2 Rd8 22. Bg5 d4 23. Bxf6 Bxf6 24. Ra3 dxe3 25.
Qxf6 1-0

[Event "*** Titled Tuesday Blitz"]
[Site "Chess.com"]
[Date "2020.05.26"]
[Round "1"]
[White "Gabrielian_Artur"]
[Black "WastefulJustice"]
[Result "1-0"]
[WhiteElo "2751"]
[BlackElo "2383"]
[TimeControl "180+1"]
[EndTime "10:07:16 PDT"]
[Termination "Gabrielian_Artur won by resignation"]

1. e4 e5 2. Nc3 Nf6 3. g3 Bc5 4. Bg2 Nc6 5. Nge2 a6 6. d3 d6 7. O-O O-O 8. h3 h6 9. Kh2 Re8 10. f4 exf4 11. Nxf4 Nd4 12. Ncd5 Nxd5 13. Nxd5 c6 14.
Nf4 Bb6 15. c3 Ne6 16. Nh5 Qe7 17. h4 Nf8 18. Qf3 Ng6 19. d4 Rf8 20. Bd2 Bd7 21. Rae1 Rae8 22. Kh1 c5 23. Be3 Bb5 24. Rf2 Bd3 25.
Bxh6 Bxe4 26. Rxe4 Qxe4 27. Qxe4 Rxe4 28. Bxe4 gxh6 29.
Nf6+ Kg7 30. Nd7 Re8 31. Bxg6 fxg6 32. Nxb6 1-0

[Event "*** Titled Tuesday Blitz"]
[Site "Chess.com"]
[Date "2020.05.26"]
[Round "1"]
[White "Sjakkerntobi"]
[Black "swisspower96"]
[Result "1-0"]
[WhiteElo "2278"]
[BlackElo "2586"]
[TimeControl "180+1"]
[EndTime "10:07:16 PDT"]
[Termination "Sjakkerntobi won by resignation"]

1. e4 c5 2. Nf3 Nc6 3. d4 cxd4 4. Nxd4 Nf6 5. Nc3 e5 6. Ndb5 d6 7. a4 a6 8. Na3 Bg4 9. Be2 h5 10. h3 Bxe2 11. Qxe2 Nd4 12. Qd3 d5 13. O-O Be7 14.
exd5 Nxd5 15. Nxd5 Qxd5 16. c3 Qb3 17. Qe4 Nc6 18.
Nc4 O-O-O 19. Be3 g6 20. f4 f5 21. Nb6+ Kb8 22. Qc4 Qxc4 23. Nxc4 e4 24. Rad1 h4 25. b4 Rxd1 26. Rxd1 Rd8 27. Rxd8+ Nxd8 28. Ne5 Bf6 29. Nd7+ Kc7 30. Nxf6 Kd6 31. Bc5+ Ke6 32. Ne8 Kd7 33.
Nd6 b6 34. Bxb6 Ne6 35. Nc4 Nxf4 36. Kf2 Ke6 37. Nb2 Nd5 38. Bd4 f4 39. b5 axb5 40. axb5 Kf5 41. b6 Ne7 42. b7 Nc6 43. Ba7 g5 44. b8=Q Nxb8 45. Bxb8 g4 46. hxg4+ Kxg4 47. Nc4 e3+ 48. Nxe3+ fxe3+ 49. Kxe3 Kf5 50. Bf4 Ke6 51. c4 Kf5 52. c5 Ke6 53. c6 Ke7 54. c7 1-0

[Event "*** Titled Tuesday Blitz"]
[Site "Chess.com"]
[Date "2020.05.26"]
[Round "1"]
[White "Kostya26"]
[Black "AnishGiri"]
[Result "0-1"]
[WhiteElo "2449"]
[BlackElo "2979"]
[TimeControl "180+1"]
[EndTime "10:07:17 PDT"]
[Termination "AnishGiri won by resignation"]

1. e4 c5 2. Nf3 e6 3. b3 Nf6 4. e5 Nd5 5. c4 Nb4 6. d4 cxd4 7. Nxd4 d6 8. exd6 Bxd6 9. Bb2 Be5 10. Na3 O-O 11. Be2 Qf6 12. Qd2 N8c6 13. O-O-O Rd8 14. Nxc6 Rxd2 15. Bxe5 Qg5 16. f4 Nxa2+ 17. Kxd2 Qxg2 18. Nd4 f6 19. Rdg1 Qh3 20. Rg3 Qh6 21. Bc7 e5 22. Rhg1 Qxf4+ 23. Kc2 g6 24. Nf3 Bf5+ 25. Kb2 Nb4 26.
h4 Rc8 27. Nb5 a6 28. Nd6 Rxc7 29. Nxf5 Qxf5 30. h5 Qc2+ 31. Ka3 a5 32. Ra1 Qxe2 33.
hxg6 hxg6 34. Rxg6+ Kf7 35. Nh4 Nc2+ 36. Ka4 Qd2 0-1

[Event "*** Titled Tuesday Blitz"]
[Site "Chess.com"]
[Date "2020.05.26"]
[Round "1"]
[White "Art10ECHR"]
[Black "GMKrikor"]
[Result "0-1"]
[WhiteElo "2383"]
[BlackElo "2751"]
[TimeControl "180+1"]
[EndTime "10:07:17 PDT"]
[Termination "GMKrikor won by resignation"]

1. c4 e6 2. Nf3 d5 3. g3 dxc4 4. Qa4+ Nd7 5. Qxc4 a6 6. Qb3 b5 7. d4 Bb7 8. Bg2 Ngf6 9. a4 Be7 10. O-O O-O 11.
axb5 Bd5 12. Qd3 axb5 13. Rxa8 Qxa8 14. Qxb5 Rb8 15. Qd3 Be4 16. Qc4 Bxb1 17. Ng5 Qa2 18. Qxc7 Bg6 19. e4 Qa6 20. e5 Rc8 21. Qb7 Qxb7 22.
Bxb7 Rc7 23. exf6 gxf6 24. Nxe6 fxe6 25. Ba6 Kf7 26. Re1 Nb6 27. Bf4 Ra7 28. Bb5 Nd5 29. Bc1 Rb7 30. Bc6 Rc7 31. Bb5 Bb4 32. Rd1 Bh5 33.
Rf1 Bg6 34. Rd1 Bc2 35. Rf1 Bb3 36. Kg2 Bc4 37. Ba4 Bxf1+ 0-1

[Event "*** Titled Tuesday Blitz"]
[Site "Chess.com"]
[Date "2020.05.26"]
[Round "1"]
[White "fabianvivasz"]
[Black "Dinamo81"]
[Result "0-1"]
[WhiteElo "2283"]
[BlackElo "2615"]
[TimeControl "180+1"]
[EndTime "10:07:17 PDT"]
[Termination "Dinamo81 won on time"]

1. e4 e6 2. d4 d5 3. Nd2 c5 4. Ngf3 Nc6 5. exd5 exd5 6. Bb5 cxd4 7. O-O Bd6 8. Re1+ Ne7 9. Nxd4 O-O 10. N2b3 Ne5 11. Bf4 N7g6 12. Bg3 Bg4 13. Be2 Bxe2 14. Nxe2 Ng4 15.
Nc3 Bxg3 16. hxg3 Nf6 17. Qd4 Qd6 18. Rad1 Rfd8 19. Re3 a6 20. a4 Ne7 21. Red3 Nc6 22. Qc5 Nb4 23. Qxd6 Rxd6 24. R3d2 Rc8 25. f3 h5 26. Nd4 g6 27. Nde2 Kg7 28. Nf4 Rc4 29. Kf2 h4 30. Nfxd5 Nfxd5 31. Nxd5 Rxd5 32. Rxd5 Nxd5 33. Rxd5 Rxc2+ 34. Ke3 hxg3 35. Rd2 Rxd2 36. Kxd2 Kf6 37. Ke3 Kf5 38. f4 Kg4 0-1